 Dungeon Crawl Stone Soup version 0.30-a0-305-g026cb31310 (webtiles) character file.

Game seed: 6497095081458233824

136 koil the Sneak (level 4, -1/23 HPs)
             Began as a Spriggan Brigand on Oct 23, 2022.
             Slain by a river rat (3 damage)
             ... on level 3 of the Dungeon.
             The game lasted 00:06:42 (2892 turns).

koil the Sneak (Spriggan Brigand)                   Turns: 2892, Time: 00:06:43

Health: -1/23      AC:  3    Str:  7    XL:     4   Next: 98%
Magic:  8/8        EV: 17    Int: 20    God:
Gold:   239        SH:  0    Dex: 16    Spells: 7/7 levels left

rFire   . . .      SeeInvis +    l - +3 dagger
rCold   . . .      Faith    .    (no shield)
rNeg    . . .      Spirit   .    b - +0 robe
rPois   .          Reflect  .    (helmet restricted)
rElec   .          Harm     .    c - +0 cloak
rCorr   .          Rampage  .    (gloves unavailable)
Will    .....                    (boots unavailable)
Stlth   ++........               z - amulet of magic regeneration
HPRegen 0.23/turn                y - +6 ring of intelligence
MPRegen 0.51/turn                (no ring)

@: slow
A: very small, no large weapons, unfitting armour, see invisible, speed 3
a: no special abilities


You were on level 3 of the Dungeon.
You visited 1 branch of the dungeon, and saw 3 of its levels.

You collected 239 gold pieces.

Inventory:

Hand Weapons
 a - a +2 dagger
 l - a +3 dagger (weapon)
 m - a +0 mace of venom
Missiles
 d - 14 poisoned darts (quivered)
 e - 3 curare-tipped darts
Armour
 b - a +0 robe (worn)
 c - a +0 cloak (worn)
Jewellery
 y - a +6 ring of intelligence (left hand)
 z - an amulet of magic regeneration (around neck)
Scrolls
 i - 2 scrolls of blinking {unknown}
 n - a scroll of noise {unknown}
 s - 4 scrolls of identify {unknown}
 t - 3 scrolls of enchant armour {unknown}
 u - a scroll of fear {unknown}
 v - a scroll of torment {unknown}
 w - 2 scrolls of butterflies {unknown}
 x - a scroll of amnesia {unknown}
 A - a scroll of teleportation {unknown}
 B - a scroll of silence {unknown}
Potions
 f - 2 potions of lignification {unknown}
 g - a potion of brilliance {unknown}
 h - 3 potions of curing {unknown}
 j - 2 potions of heal wounds {unknown}
 k - a potion of attraction {unknown}
 o - a potion of mutation {unknown}
 p - 2 potions of haste {unknown}
 q - a potion of degeneration {unknown}
 r - a potion of cancellation {unknown}


   Skills:
 + Level 2.3 Fighting
 + Level 3.2 Short Blades
 - Level 2.0 Throwing
 + Level 3.0 Dodging
 + Level 6.8 Stealth
 + Level 2.1 Spellcasting


You had 7 spell levels left.
You didn't know any spells.
Your spell library contained the following spells:

 Spells                   Type           Power      Damage    Failure   Level
 Magic Dart               Conj           8%         1d3       16%         1
 Call Imp                 Summ           2%         N/A       24%         2
 Mephitic Cloud           Conj/Pois/Air  2%         N/A       43%         3
 Ozocubu's Armour         Ice            2%         N/A       43%         3
 Metabolic Englaciation   Hex/Ice        1%         N/A       99%         5
 Simulacrum               Ice/Necr       1%         N/A       100%        6


Dungeon Overview and Level Annotations

Branches:
Dungeon (3/15)

Altars:


Innate Abilities, Weirdness & Mutations

You are very small and have problems with some larger weapons.
You are too small for most types of armour.
You have supernaturally acute eyesight. (SInv)
You cover ground extremely quickly. (Speed+++)


Message History

The quokka splashes around in the water.
You hit the quokka.
The quokka is almost dead.
The quokka barely misses you.
Your unstable footing causes you to fumble your attack.
The quokka misses you.
Your unstable footing causes you to fumble your attack.
The quokka closely misses you.
You hit the quokka.
You kill the quokka!
You hit the river rat.
The river rat is heavily wounded.
Your unstable footing causes you to fumble your attack.
The river rat barely misses you.
You barely miss the river rat.
The river rat is heavily wounded.
The river rat barely misses you.
You hit the river rat.
The river rat is heavily wounded.
The river rat misses you.
Your unstable footing causes you to fumble your attack.
The river rat completely misses you.
You closely miss the river rat.
The river rat is heavily wounded.
The river rat barely misses you.
Your unstable footing causes you to fumble your attack.
The river rat misses you.
Your unstable footing causes you to fumble your attack.
The river rat bites you.
You barely miss the river rat.
The river rat is heavily wounded.
You hit the river rat.
You kill the river rat!
Your unstable footing causes you to fumble your attack.
The river rat misses you.
You hit the river rat but do no damage. The river rat completely misses you.
You closely miss the river rat. The river rat bites you!
* * * LOW HITPOINT WARNING * * *
You hit the river rat but do no damage. The river rat bites you.
You die...

...# #######....... ...#
###....##....... ...#
#~~....##....... ...#
#~~~...##....... ...#
###~#............. ...####.#
~~#~~~w.r#.......$ ...#....#
#####~#~#~...#........ ...#....#
#~~~~~#r~~~........... ...#....#
#@#~#~...##....... ...#....#
#r#~#~.....r...... ...#....#
#w~~#.............
........############.............
...............#.................
.......##......#.................
.................................
#######.####.#######.####........
.....##.# ## #.# #........


You could see a worm and a river rat.

Vanquished Creatures
  4 adders
  A river rat (D:3)
  A worm (D:3)
  3 dart slugs
  2 orcs (D:3)
  7 ball pythons
  8 bats
  7 endoplasms
  5 giant cockroaches
  6 goblins
  8 hobgoblins (D:2)
  4 jackals (D:1)
  5 quokkas
  5 frilled lizards
  4 kobolds
  3 rats
73 creatures vanquished.

Notes
Turn   | Place    | Note
-------+----------+-------------------------------------------
     0 | D:1      | koil the Spriggan Brigand began the quest for the Orb.
     0 | D:1      | Reached XP level 1. HP: 10/10 MP: 2/2
    72 | D:1      | Found a faded altar of an unknown god.
   158 | D:1      | Reached skill level 6 in Stealth
   234 | D:1      | Reached XP level 2. HP: 15/15 MP: 2/4
   336 | D:1      | Reached skill level 1 in Spellcasting
  1058 | D:2      | Reached XP level 3. HP: 15/18 MP: 5/5
  1396 | D:2      | Reached XP level 4. HP: 17/23 MP: 7/7
  2892 | D:3      | Slain by a river rat

Illustrated notes

Levels and vault maps discovered:
D:1:      spicycebolla_arrival_transporter_tutorial, layout_loops_corners,
          hellmonk_ecumenical_altar_arch_garden
D:2:      cheibrodos_greedy_goblins, layout_basic
D:3:      minmay_wonky_spiral, layout_basic, lightli_sewer_entry_pipes,
          kennysheep_doodads, minivault_14, minmay_pentangle

Skill      XL: |  1  2  3  4 |
---------------+-------------+-----
Stealth        | 6 |  6.8
Spellcasting   | 1 2 |  2.1
Dodging        | 2 3 |  3.0
Fighting       | 2 |  2.3
Short Blades   | 3 |  3.2
Throwing       | |  2.0

Action                   |  1- 3 |  4- 6 || total
-------------------------+-------+-------++-------
Melee: Dagger            |   123 |   108 ||   231
       Punch             |     1 |       ||     1
 Stab: Sleeping          |    14 |    10 ||    24
       Distracted        |     1 |       ||     1
Armor: Robe              |    16 |    10 ||    26
Dodge: Dodged            |   111 |    99 ||   210

Table legend: (Time is in decaauts)
 A = Elapsed time spent in this place.
 B = Non-inter-level travel time spent in this place.
 C = Inter-level travel time spent in this place.
 D = Time resting spent in this place.
 E = Time spent auto-exploring this place.
 F = Levels seen in this place.
 G = Mean time per level.
                   A        B        C        D        E       F      G
               +--------+--------+--------+--------+--------+-----+--------+
         Total |   1937 |   1908 |     29 |     10 |   1284 |   3 |  645.7 |
       Dungeon |   1937 |   1908 |     29 |     10 |   1284 |   3 |  645.7 |
               +--------+--------+--------+--------+--------+-----+--------+

Top non-repeatable levels by time:
     D:2: 722 daAuts
     D:1: 673 daAuts
     D:3: 541 daAuts
